 Dungeon Crawl Stone Soup version 0.27-a0-1438-g9b7c6745da (webtiles) character file.

Game seed: 14318046377548994832

418 2tc the Ruffian (level 6, -2/47 HPs)
             Began as a Draconian Transmuter on July 4, 2021.
             Was an Initiate of Qazlal.
             Slain by Edmund (9 damage)
             ... on level 6 of the Dungeon.
             The game lasted 00:11:33 (5768 turns).

2tc the Ruffian (Draconian Transmuter)              Turns: 5768, Time: 00:11:33

Health: -2/47      AC:  9    Str: 14    XL:     6   Next: 61%
Magic:  9/9        EV: 12    Int: 14    God:    Qazlal [......]
Gold:   207        SH:  0    Dex: 11    Spells: 6/9 levels left

rFire    . . .     SeeInvis .     - Unarmed
rCold    . . .     Faith    .   (no shield)
rNeg     . . .     Spirit   .   (armour unavailable)
rPois    .         Reflect  .   (helmet restricted)
rElec    .         Harm     .   p - +0 cloak
rCorr    .         Rampage  .   i - +1 pair of gloves
Will     .....                  (no boots)
Stlth    +.........             (no amulet)
HPRegen  0.15/turn              (no ring)
MPRegen  0.11/turn              (no ring)

@: invisible
A: AC +6, unfitting armour, cold-blooded
a: Renounce Religion


You were on level 6 of the Dungeon.
You worshipped Qazlal.
Qazlal was noncommittal.
You visited 2 branches of the dungeon, and saw 7 of its levels.

You collected 207 gold pieces.

Inventory:

Armour
 c - a +0 buckler
 i - a +1 pair of gloves (worn)
 p - a +0 cloak (worn)
Wands
 n - a wand of iceblast (8)
Scrolls
 j - 6 scrolls of teleportation
 m - a scroll of magic mapping
 q - a scroll of amnesia
Potions
 b - a potion of heal wounds {unknown}
 d - a potion of flight
 f - a potion of brilliance {unknown}
 g - 2 potions of attraction
 h - a potion of haste {unknown}
 k - a potion of mutation {unknown}
 l - a potion of berserk rage {unknown}
 o - a potion of resistance {unknown}


   Skills:
 - Level 1.1 Fighting
 - Level 1.7 Dodging
 - Level 6.6 Unarmed Combat
 - Level 2.0 Spellcasting
 * Level 4.0 Transmutations


You had 6 spell levels left.
You knew the following spells:

 Your Spells              Type           Power      Damage    Failure   Level
a - Beastly Appendage     Tmut           24%        N/A       4%          1
b - Wereblood             Tmut           12%        N/A       7%          2

Your spell library contained the following spells:

 Spells                   Type           Power      Damage    Failure   Level
 Spider Form              Tmut/Pois      3%         N/A       30%         3
 Corpse Rot               Necr/Air       N/A        N/A       34%         2
 Call Canine Familiar     Summ           1%         N/A       56%         3
 Portal Projectile        Hex/Tloc       2%         N/A       56%         3
 Summon Guardian Golem    Hex/Summ       1%         N/A       56%         3
 Ice Form                 Ice/Tmut       7%         N/A       71%         4
 Dispel Undead            Necr           1%         3d6       93%         4
 Leda's Liquefaction      Hex/Erth       0%         N/A       93%         4
 Conjure Ball Lightning   Conj/Air       0%         3x3d6     100%        6
 Death Channel            Necr           0%         N/A       100%        6
 Orb of Destruction       Conj           0%         N/A       100%        7
 Spellforged Servitor     Conj/Summ      0%         N/A       100%        7
 Discord                  Hex            0%         N/A       100%        8
 Disjunction              Tloc           0%         N/A       100%        8


Dungeon Overview and Level Annotations

Branches:
Dungeon (6/15)             Temple (1/1) D:4

Altars:
Ashenzari
Cheibriados
Dithmenos
Elyvilon
Fedhas
Gozag
Hepliaklqana
Kikubaaqudgha
Makhleb
Nemelex Xobeh
Okawaru
Qazlal
Sif Muna
Trog
Wu Jian
Xom
Zin

Annotations:
D:3 2 transporters, AarnesTheHuman's ghost, amateur FoFi
D:6 Edmund


Innate Abilities, Weirdness & Mutations

Your plain brown scales are hard. (AC +6)
You cannot fit into any form of body armour.
You are cold-blooded and may be slowed by cold attacks.


Message History

Edmund hits you with a +5 flail of protection.
You feel better. Edmund closely misses you.
You closely miss Edmund. Your kick misses Edmund.
You headbutt Edmund, but do no damage.
Edmund is moderately wounded.
Edmund hits you with a +5 flail of protection!
You closely miss Edmund. Your headbutt misses Edmund.
Edmund is moderately wounded.
Edmund completely misses you.
You hit Edmund. You claw Edmund!
Your tail-slap misses Edmund.
Edmund is heavily wounded.
Edmund closely misses you.
You hit Edmund. Your kick misses Edmund.
Your tail-slap misses Edmund.
Edmund is heavily wounded.
Edmund says, "Everyone always remembers my brother. 'Who's Edmund?' they ask!"
Edmund hits you with a +5 flail of protection!
You hit Edmund. You claw Edmund, but do no damage. Your headbutt misses Edmund.
Your tail-slap misses Edmund.
Edmund is severely wounded.
Edmund hits you with a +5 flail of protection.
You barely miss Edmund. Your headbutt misses Edmund.
Edmund is severely wounded.
Your horns disappear.
Your talons disappear.
You closely miss Edmund.
Edmund is severely wounded.
Edmund hits you with a +5 flail of protection!
* * * LOW HITPOINT WARNING * * *
You feel better. Edmund hits you but does no damage.
You hit Edmund but do no damage. You tail-slap Edmund, but do no damage.
Edmund is severely wounded.
Edmund hits you with a +5 flail of protection.
You hit Edmund but do no damage.
Edmund is severely wounded.
Edmund hits you with a +5 flail of protection!
* * * LOW HITPOINT WARNING * * *
You are too injured to fight recklessly!
It was a potion of invisibility.
You fade into invisibility!
Edmund hits you with a +5 flail of protection!
You die...

###
#@#
#@#
#.#
#.#
#.#
..#
...
###


You could see Edmund.

Vanquished Creatures
  A centaur zombie (D:5)
  A hound (D:5)
  An orc priest (D:4)
  Jessica (D:3)
  2 iguanas (D:5)
  2 orc wizards (D:4)
  A scorpion zombie (D:5)
  A hound zombie (D:5)
  Robin (D:3)
  2 howler monkey skeletons
  An ufetubus (D:5)
  3 worms
  3 dart slugs
  9 orcs
  9 endoplasms
  2 giant cockroaches
  15 goblins
  11 hobgoblins
  4 kobolds
  7 quokkas
  7 ball pythons
  5 bats
  2 frilled lizards
  12 rats
103 creatures vanquished.

Vanquished Creatures (others)
  4 plants (D:4)
4 creatures vanquished.

Grand Total: 107 creatures vanquished

Notes
Turn   | Place    | Note
-------+----------+-------------------------------------------
     0 | D:1      | 2tc the Draconian Transmuter began the quest for the Orb.
     0 | D:1      | Reached XP level 1. HP: 16/16 MP: 3/3
   294 | D:1      | Reached XP level 2. HP: 23/23 MP: 3/5
   297 | D:1      | Learned a level 2 spell: Wereblood
   551 | D:1      | Reached skill level 4 in Unarmed Combat
  1004 | D:1      | Found a faded altar of an unknown god.
  1131 | D:2      | Reached XP level 3. HP: 23/28 MP: 4/6
  2147 | D:3      | Found a transporter.
  2151 | D:3      | Noticed AarnesTheHuman's ghost (amateur FoFi)
  2213 | D:3      | Found a transporter.
  2411 | D:3      | Reached XP level 4. HP: 35/35 MP: 3/7
  2416 | D:3      | Reached skill level 5 in Unarmed Combat
  2427 | D:3      | Noticed Robin
  2449 | D:3      | Killed Robin
  2718 | D:3      | Noticed Jessica
  2727 | D:3      | Killed Jessica
  2919 | D:3      | Reached XP level 5. HP: 40/40 MP: 6/8
  3961 | D:4      | Noticed an ogre
  4168 | D:4      | Reached skill level 6 in Unarmed Combat
  4184 | D:4      | HP: 1/40 [orc (3)]
  4498 | D:4      | Found a staircase to the Ecumenical Temple.
  4503 | Temple   | Entered the Ecumenical Temple
  4537 | Temple   | Became a worshipper of Qazlal Stormbringer
  4795 | D:5      | Entered Level 5 of the Dungeon
  4900 | D:5      | Reached XP level 6. HP: 39/47 MP: 9/9
  5172 | D:5      | Found an ancient bone altar of Kikubaaqudgha.
  5743 | D:6      | Noticed Edmund
  5768 | D:6      | Slain by Edmund

Illustrated notes

Levels and vault maps discovered:
D:1:      amcnicky_arrival_abandoned_market, layout_loops_ring,
          dilly_ecumenical_altar_fadedgnrine
D:2:      layout_loops_corners
D:3:      layout_basic, gammafunk_ghost_arena, minivault_4, minmay_circle_x,
          uniq_robin, uniq_jessica
D:4:      layout_loops_ring, minmay_temple_entry_gardened_gates
D:5:      layout_loops_ring, kennysheep_mini_moat
D:6:      layout_basic, gammafunk_ghost_stat_death, uniq_sigmund, uniq_edmund
Temple:   lightli_temple_of_artemis

Skill      XL: |  1  2  3  4  5  6 |
---------------+-------------------+-----
Unarmed Combat | 4 5 6 |  6.6
Transmutations | 4 |  4.0
Fighting       | |  1.1
Dodging        | |  1.7
Spellcasting   | |  2.0

Action                   |  1- 3 |  4- 6 || total
-------------------------+-------+-------++-------
Melee: Unarmed           |   135 |   193 ||   328
       Kick              |    17 |    30 ||    47
       Tailslap          |    14 |    17 ||    31
       Headbutt          |     9 |    26 ||    35
       Punch             |     2 |     6 ||     8
 Cast: Beastly Appendage |    26 |    21 ||    47
       Wereblood         |     1 |     2 ||     3
  Use: Scroll            |     3 |     4 ||     7
       Potion            |       |     5 ||     5
 Stab: Sleeping          |     1 |       ||     1
Armor: Skin              |    51 |    78 ||   129
Dodge: Dodged            |    86 |   105 ||   191

Table legend: (Time is in decaauts)
 A = Elapsed time spent in this place.
 B = Non-inter-level travel time spent in this place.
 C = Inter-level travel time spent in this place.
 D = Time resting spent in this place.
 E = Time spent auto-exploring this place.
 F = Levels seen in this place.
 G = Mean time per level.
                   A        B        C        D        E       F      G
               +--------+--------+--------+--------+--------+-----+--------+
         Total |   5742 |   5576 |    166 |    633 |   4120 |   7 |  820.3 |
       Dungeon |   5685 |   5519 |    166 |    633 |   4120 |   6 |  947.5 |
        Temple |     56 |     56 |      0 |      0 |      0 |   1 |   56.0 |
               +--------+--------+--------+--------+--------+-----+--------+

Top non-repeatable levels by time:
     D:3: 1591 daAuts
     D:1: 1071 daAuts
     D:2: 1069 daAuts
     D:4: 989 daAuts
     D:5: 942 daAuts
  Temple: 56 daAuts
     D:6: 22 daAuts
